PBL
WINNIPEG GOLDEYES @ BROCKTON ROX
07/24/2049
 
TOP OF THE 1ST
Winnipeg Goldeyes batting - Pitching for Brockton Rox : LHP Eddie Noon
Pitching: LHP Eddie Noon
Batting: RHB Settan Nakamura 0-0: Called Strike
0-1: Foul Ball, location: 2F
0-2: SOLO HOME RUN (Flyball, 7LD, EV 94.4 MPH), Distance : 358 ft
Batting: SHB Rodrigo Mendoza 0-0: Foul Ball, location: 2F
0-1: Swinging Strike
0-2: Foul Ball, location: 2F
0-2: Ball
1-2: Ball
2-2: Ball
3-2: Base on Balls
Batting: RHB Terry Oetker 0-0: Called Strike
0-1: Ball
1-1: Foul Ball, location: 2F
1-2: Ball
2-2: Ball
3-2: DOUBLE (Flyball, 8LXD, EV 96.2 MPH)
Rodrigo Mendoza to third
Batting: SHB Victor Turrubiate 0-0: Ball
1-0: Called Strike
1-1: Ball
2-1: Foul Ball, location: 2F
2-2: Ball
3-2: Fly out, F8 (Flyball, 8LM, EV 88.1 MPH)
Runner from 3rd tags up, SCORES, throw by CF
Batting: RHB Itocravo Arrochela 0-0: Ball
1-0: Foul Ball, location: 2F
1-1: Swinging Strike
1-2: Strikes out swinging
Batting: RHB Mike Berzins 0-0: Ball
1-0: Fly out, F5 (Popup, 56, EV 58.8 MPH)
Top of the 1st over - 2 runs, 2 hits, 0 errors, 1 left on base; Winnipeg 2 - Brockton 0
BOTTOM OF THE 1ST
Brockton Rox batting - Pitching for Winnipeg Goldeyes : RHP Josh Dusek
Pitching: RHP Josh Dusek
Batting: LHB Darby Starburster 0-0: Swinging Strike
0-1: Bunt missed!
0-2: Strikes out looking
Batting: LHB Joe Martens 0-0: SINGLE (Flyball, 89S, EV 93.8 MPH)
Batting: LHB Isaiah Spitzbarth 0-0: Called Strike
0-1: Ball
1-1: Ball
2-1: Ball
3-1: Base on Balls
Joe Martens to second
Batting: RHB Matt Walker 0-0: Called Strike
0-1: Ball
1-1: Fly out, F8 (Flyball, 8LS, EV 82.5 MPH)
Batting: RHB Jose Blocker 0-0: Ball
1-0: Ball
2-0: Foul Ball, location: 2F
2-1: Ball
3-1: Called Strike
3-2: Base on Balls
Joe Martens to third
Isaiah Spitzbarth to second
Batting: SHB Zach Clark 0-0: Called Strike
0-1: Ground out 4-3 (Groundball, 4, EV 91.2 MPH)
Bottom of the 1st over - 0 runs, 1 hit, 0 errors, 3 left on base; Winnipeg 2 - Brockton 0
TOP OF THE 2ND
Winnipeg Goldeyes batting - Pitching for Brockton Rox : LHP Eddie Noon
Batting: SHB Tim Lloyd 0-0: Called Strike
0-1: Ball
1-1: Ball
2-1: Ball
3-1: Base on Balls
Batting: SHB Andy Ehrsam 0-0: Ball
1-0: DOUBLE (Line Drive, 9LS, EV 93.8 MPH)
Tim Lloyd to third
Batting: RHB Ricky Saucedo 0-0: Ball
1-0: Fly out, F9 (Line Drive, 9, EV 100.0 MPH)
Batting: RHB Settan Nakamura 0-0: Called Strike
0-1: Foul Ball, location: 2F
0-2: Ball
1-2: Ball
2-2: Fly out, F8 (Flyball, 8LD, EV 86.9 MPH)
Runner from 3rd tags up, SCORES, throw by CF
Andy Ehrsam to third
Batting: SHB Rodrigo Mendoza 0-0: Swinging Strike
0-1: Called Strike
0-2: Strikes out swinging
Top of the 2nd over - 1 run, 1 hit, 0 errors, 1 left on base; Winnipeg 3 - Brockton 0
BOTTOM OF THE 2ND
Brockton Rox batting - Pitching for Winnipeg Goldeyes : RHP Josh Dusek
Batting: LHB Eddie Noon 0-0: Foul Ball, location: 2F
0-1: Called Strike
0-2: Ball
1-2: Strikes out looking
Batting: SHB Mel Gonzalez 0-0: Ground out 4-3 (Groundball, 4M, EV 85.6 MPH)
Batting: LHB Makoto Shimazu 0-0: Called Strike
0-1: Swinging Strike
0-2: Strikes out swinging
Bottom of the 2nd over - 0 runs, 0 hits, 0 errors, 0 left on base; Winnipeg 3 - Brockton 0
TOP OF THE 3RD
Winnipeg Goldeyes batting - Pitching for Brockton Rox : LHP Eddie Noon
Batting: RHB Terry Oetker 0-0: Ball
1-0: Ball
2-0: Called Strike
2-1: Swinging Strike
2-2: Ball
3-2: Base on Balls
Batting: SHB Victor Turrubiate 0-0: Ball
1-0: Called Strike
1-1: Foul Ball, location: 2F
1-2: Ball
2-2: Foul Ball, location: 2F
2-2: Ball
3-2: Foul Ball, location: 2F
3-2: Base on Balls
Terry Oetker to second
Batting: RHB Itocravo Arrochela 0-0: Called Strike
0-1: Foul Ball, location: 2F
0-2: Grounds into double play, 6-4-3 (Groundball, 6, EV 102.5 MPH)
Terry Oetker to third
Batting: RHB Mike Berzins 0-0: Ball
1-0: Called Strike
1-1: Ball
2-1: Ball
3-1: Called Strike
3-2: Base on Balls
Batting: SHB Tim Lloyd 0-0: Ball
1-0: Called Strike
1-1: Foul Ball, location: 2F
1-2: Foul Ball, location: 2F
1-2: Strikes out swinging
Top of the 3rd over - 0 runs, 0 hits, 0 errors, 2 left on base; Winnipeg 3 - Brockton 0
BOTTOM OF THE 3RD
Brockton Rox batting - Pitching for Winnipeg Goldeyes : RHP Josh Dusek
Batting: LHB Darby Starburster 0-0: Called Strike
0-1: Ball
1-1: Foul Ball, location: 2F
1-2: Strikes out swinging
Batting: LHB Joe Martens 0-0: Fly out, F7 (Flyball, 7S, EV 89.4 MPH)
Batting: LHB Isaiah Spitzbarth 0-0: Ball
1-0: Foul Ball, location: 2F
1-1: TRIPLE (Line Drive, 89XD, EV 102.5 MPH)
Batting: RHB Matt Walker 0-0: Ball
1-0: SINGLE (Groundball, 6MD, EV 94.4 MPH)
Isaiah Spitzbarth scores
Batting: RHB Jose Blocker 0-0: Ball
1-0: Foul Ball, location: 2F
1-1: Swinging Strike
1-2: Ball
2-2: Strikes out swinging
Bottom of the 3rd over - 1 run, 2 hits, 0 errors, 1 left on base; Winnipeg 3 - Brockton 1
TOP OF THE 4TH
Winnipeg Goldeyes batting - Pitching for Brockton Rox : LHP Eddie Noon
Batting: SHB Andy Ehrsam 0-0: Foul Ball, location: 2F
0-1: Called Strike
0-2: Ball
1-2: Ball
2-2: Strikes out swinging
Batting: RHB Ricky Saucedo 0-0: Ball
1-0: DOUBLE (Line Drive, 9LM, EV 88.1 MPH)
Pitching: RHP Danny Diaz
Batting: RHB Settan Nakamura 0-0: Foul Ball, location: 2F
0-1: Ball
Wild Pitch!
Ricky Saucedo to third
1-1: Ball
2-1: Ball
3-1: Base on Balls
Batting: SHB Rodrigo Mendoza 0-0: Called Strike
Settan Nakamura steals 2nd base (no throw)
0-1: Swinging Strike
0-2: Ball
1-2: Ball
2-2: 3-RUN HOME RUN (Flyball, 9D, EV 105.6 MPH), Distance : 388 ft
Batting: RHB Terry Oetker 0-0: Ball
1-0: Foul Ball, location: 2F
1-1: Foul Ball, location: 2F
1-2: Fly out, F6 (Flyball, 56D, EV 92.5 MPH)
Batting: SHB Victor Turrubiate 0-0: Called Strike
0-1: Foul Ball, location: 2F
0-2: Foul Ball, location: 2F
0-2: Ball
1-2: Ball
2-2: Reached on error, E5 (Groundball, 56, EV 101.9 MPH)
Batting: RHB Itocravo Arrochela 0-0: Called Strike
0-1: Fielders Choice at 2nd, 6-4 (Groundball, 6, EV 87.5 MPH)
Top of the 4th over - 3 runs, 2 hits, 1 error, 1 left on base; Winnipeg 6 - Brockton 1
BOTTOM OF THE 4TH
Brockton Rox batting - Pitching for Winnipeg Goldeyes : RHP Josh Dusek
Batting: SHB Zach Clark 0-0: Ball
1-0: Ground out 4-3 (Groundball, 4D, EV 100.6 MPH)
Batting: LHB Eddie Noon 0-0: Called Strike
0-1: Foul Ball, location: 2F
0-2: Foul Ball, location: 2F
0-2: Strikes out swinging
Batting: SHB Mel Gonzalez 0-0: Foul Ball, location: 2F
0-1: Foul Ball, location: 2F
0-2: Foul Ball, location: 2F
0-2: Strikes out swinging
Bottom of the 4th over - 0 runs, 0 hits, 0 errors, 0 left on base; Winnipeg 6 - Brockton 1
TOP OF THE 5TH
Winnipeg Goldeyes batting - Pitching for Brockton Rox : RHP Danny Diaz
Batting: RHB Mike Berzins 0-0: Called Strike
0-1: DOUBLE (Flyball, 9LM, EV 100.0 MPH)
Batting: SHB Tim Lloyd 0-0: Ball
1-0: Ball
2-0: Called Strike
2-1: Swinging Strike
2-2: Ball
Wild Pitch!
Mike Berzins to third
3-2: Fly out, F8 (Flyball, 78D, EV 108.1 MPH)
Runner from 3rd tags up, SCORES, throw by CF
Batting: SHB Andy Ehrsam 0-0: Fly out, F9 (Line Drive, 9D, EV 96.9 MPH)
Batting: RHB Ricky Saucedo 0-0: SINGLE (Line Drive, 34D, EV 98.8 MPH)
Batting: RHB Settan Nakamura 0-0: Foul Ball, location: 2F
0-1: Called Strike
0-2: Foul Ball, location: 2F
0-2: Fly out, F9 (Flyball, 9D, EV 93.8 MPH)
Top of the 5th over - 1 run, 2 hits, 0 errors, 1 left on base; Winnipeg 7 - Brockton 1
BOTTOM OF THE 5TH
Brockton Rox batting - Pitching for Winnipeg Goldeyes : RHP Josh Dusek
Batting: LHB Makoto Shimazu 0-0: Ball
1-0: Ball
2-0: Called Strike
2-1: Ground out 6-3 (Groundball, 4M, EV 78.1 MPH)
Batting: LHB Darby Starburster 0-0: Ball
1-0: Swinging Strike
1-1: Ground out 3-1 (Groundball, 34, EV 85.0 MPH)
Batting: LHB Joe Martens 0-0: Called Strike
0-1: Fly out, F7 (Flyball, 78D, EV 102.5 MPH)
Bottom of the 5th over - 0 runs, 0 hits, 0 errors, 0 left on base; Winnipeg 7 - Brockton 1
TOP OF THE 6TH
Winnipeg Goldeyes batting - Pitching for Brockton Rox : RHP Danny Diaz
Batting: SHB Rodrigo Mendoza 0-0: Ball
1-0: Called Strike
1-1: Swinging Strike
1-2: Ball
2-2: Strikes out swinging
Batting: RHB Terry Oetker 0-0: Ball
1-0: Ball
2-0: Ball
3-0: Called Strike
3-1: Base on Balls
Batting: SHB Victor Turrubiate 0-0: Ball
1-0: Called Strike
1-1: Ball
2-1: Ball
3-1: Fly out, F9 (Flyball, 89M, EV 79.4 MPH)
Pitching: LHP Brad Victor
Batting: RHB Itocravo Arrochela 0-0: Ball
1-0: Ball
2-0: Foul Ball, location: 2F
2-1: Foul Ball, location: 2F
2-2: Ball
3-2: Strikes out swinging
Top of the 6th over - 0 runs, 0 hits, 0 errors, 1 left on base; Winnipeg 7 - Brockton 1
BOTTOM OF THE 6TH
Brockton Rox batting - Pitching for Winnipeg Goldeyes : RHP Josh Dusek
Batting: LHB Isaiah Spitzbarth 0-0: Ball
1-0: Ball
2-0: Ball
3-0: Called Strike
3-1: Swinging Strike
3-2: SINGLE (Groundball, 4S, EV 88.8 MPH) (infield hit)
Batting: RHB Matt Walker 0-0: Foul Ball, location: 2F
0-1: DOUBLE (Line Drive, 9LM, EV 112.5 MPH)
Isaiah Spitzbarth to third
Runner from 3rd tries for Home, SAFE, throw by RF to trailing runner, SAFE at third!
Batting: RHB Jose Blocker 0-0: Called Strike
0-1: Swinging Strike
0-2: Foul Ball, location: 2F
0-2: Foul Ball, location: 2F
0-2: Strikes out looking
Batting: SHB Zach Clark 0-0: Ball
1-0: Called Strike
1-1: Ball
2-1: Fly out, F1 (Line Drive, P, EV 65.0 MPH)
Lined into DP, 1-5 (Line Drive, P, EV 64.4 MPH)
Bottom of the 6th over - 1 run, 2 hits, 0 errors, 0 left on base; Winnipeg 7 - Brockton 2
TOP OF THE 7TH
Winnipeg Goldeyes batting - Pitching for Brockton Rox : LHP Brad Victor
Batting: RHB Mike Berzins 0-0: Called Strike
0-1: Called Strike
0-2: Ball
1-2: Ball
2-2: Ball
3-2: Foul Ball, location: 2F
3-2: Strikes out swinging
Batting: SHB Tim Lloyd 0-0: Called Strike
0-1: Foul Ball, location: 2F
0-2: Ball
1-2: Strikes out swinging
Batting: SHB Andy Ehrsam 0-0: Called Strike
0-1: Ball
1-1: Called Strike
1-2: Ball
2-2: Strikes out swinging
Top of the 7th over - 0 runs, 0 hits, 0 errors, 0 left on base; Winnipeg 7 - Brockton 2
BOTTOM OF THE 7TH
Brockton Rox batting - Pitching for Winnipeg Goldeyes : RHP Josh Dusek
Pitching: RHP Chris Buschke
Batting: LHB Eddie Noon 0-0: Ball
1-0: Called Strike
1-1: Called Strike
1-2: Strikes out swinging
Batting: SHB Mel Gonzalez 0-0: Foul Ball, location: 2F
0-1: Foul Ball, location: 2F
0-2: Foul Ball, location: 2F
0-2: Ball
1-2: Strikes out swinging
Batting: LHB Makoto Shimazu 0-0: Called Strike
0-1: Swinging Strike
0-2: Strikes out swinging
Bottom of the 7th over - 0 runs, 0 hits, 0 errors, 0 left on base; Winnipeg 7 - Brockton 2
TOP OF THE 8TH
Winnipeg Goldeyes batting - Pitching for Brockton Rox : LHP Brad Victor
Batting: RHB Ricky Saucedo 0-0: Swinging Strike
0-1: Foul Ball, location: 2F
0-2: Ball
1-2: Strikes out swinging
Batting: RHB Settan Nakamura 0-0: Called Strike
0-1: Swinging Strike
0-2: Foul Ball, location: 2F
0-2: Ball
1-2: Ball
2-2: Ball
3-2: Foul Ball, location: 2F
3-2: Fly out, F9 (Flyball, 9LSF, EV 91.9 MPH)
Batting: SHB Rodrigo Mendoza 0-0: Ball
1-0: Ball
2-0: Called Strike
2-1: Ball
3-1: Base on Balls
Batting: RHB Terry Oetker 0-0: Called Strike
0-1: SINGLE (Flyball, 5D, EV 86.9 MPH)
Rodrigo Mendoza to second
Runner from 2nd tries for 3rd, OUT! 7-5
Top of the 8th over - 0 runs, 1 hit, 0 errors, 1 left on base; Winnipeg 7 - Brockton 2
BOTTOM OF THE 8TH
Brockton Rox batting - Pitching for Winnipeg Goldeyes : RHP Chris Buschke
Batting: LHB Darby Starburster 0-0: Called Strike
0-1: Called Strike
0-2: Ball
1-2: Ball
2-2: Strikes out swinging
Batting: LHB Joe Martens 0-0: DOUBLE (Flyball, 8LXD, EV 106.9 MPH)
Batting: LHB Isaiah Spitzbarth 0-0: Ground out 4-3 (Groundball, 13, EV 83.1 MPH)
Joe Martens to third
Batting: RHB Matt Walker 0-0: Ball
1-0: SINGLE (Groundball, 6MD, EV 102.5 MPH)
Joe Martens scores
Batting: RHB Jose Blocker 0-0: Ball
1-0: Fly out, F9 (Flyball, 9D, EV 100.0 MPH)
Bottom of the 8th over - 1 run, 2 hits, 0 errors, 1 left on base; Winnipeg 7 - Brockton 3
TOP OF THE 9TH
Winnipeg Goldeyes batting - Pitching for Brockton Rox : LHP Brad Victor
Pitching: LHP Luis Izquierdo
Batting: SHB Victor Turrubiate 0-0: Ball
1-0: Ball
2-0: Ball
3-0: Called Strike
3-1: Ground out 2-3 (Groundball, 15S, EV 70.0 MPH)
Batting: RHB Itocravo Arrochela 0-0: Ground out 6-3 (Groundball, 56, EV 100.6 MPH)
Batting: RHB Mike Berzins 0-0: Fly out, F7 (Flyball, 7LS, EV 90.0 MPH)
Top of the 9th over - 0 runs, 0 hits, 0 errors, 0 left on base; Winnipeg 7 - Brockton 3
BOTTOM OF THE 9TH
Brockton Rox batting - Pitching for Winnipeg Goldeyes : RHP Chris Buschke
Batting: SHB Zach Clark 0-0: Called Strike
0-1: Swinging Strike
0-2: Strikes out swinging, 2-3 out at first.
Batting: RHB Kyle Franken 0-0: Foul Ball, location: 2F
0-1: Foul Ball, location: 2F
0-2: Ball
1-2: Strikes out looking
Pinch Hitting: LHB Jim Connel 0-0: Foul Ball, location: 2F
0-1: Called Strike
0-2: Ball
1-2: Ground out 4-3 (Groundball, 4, EV 84.4 MPH)
Bottom of the 9th over - 0 runs, 0 hits, 0 errors, 0 left on base; Winnipeg 7 - Brockton 3
Sunday, July 16th , 2023 - OOTP Baseball 24.6 Build 69